 Dungeon Sprint DCSS version 0.18-a0-1035-g72c9994 (webtiles) character file.

54 pipel the Firebug (level 3, -3/30 HPs)
             Began as a Deep Elf Fire Elementalist on Jan 9, 2016.
             Was an Initiate of Sif Muna.
             Slain by Duvessa
             ... wielding a +0 short sword
              (13 damage)
             ... in the Dungeon (Sprint VII: "The Pits").
             The game lasted 00:01:46 (116 turns).

pipel the Firebug (Deep Elf Fire Elementalist)       Turns: 116, Time: 00:01:46

Health: -3/30      AC:  2    Str: 10    XL:     3   Next: 66%
Magic:  12/12      EV: 13    Int: 20    God:    Sif Muna [......]
Gold:   0          SH:  0    Dex: 15    Spells: 1 memorised, 13 levels left

rFire  . . .     SeeInvis .     a - +2 quarterstaff
rCold  . . .     Gourm    .     q - +0 robe
rNeg   . . .     Faith    .     (shield currently unavailable)
rPois  .         Spirit   .     (no helmet)
rElec  .         Dismiss  .     (no cloak)
rCorr  .         Reflect  .     (no gloves)
SustAt .         Harm     .     (no boots)
MR     .....     NoTele   +     (no amulet)
Stlth  ..........               (no ring)
                                (no ring)

@: berserking, very slightly contaminated, invisible, very quick, not resistant
to hostile enchantments, extremely unstealthy
A: no striking features
a: Renounce Religion


You were in the Dungeon.
You worshipped Sif Muna.
Sif Muna was noncommittal.
You were not hungry.

You visited 1 branch

Inventory:

Hand Weapons
 a - a +2 quarterstaff (weapon)
Missiles
 k - 10 stones (quivered)
Armour
 q - a +0 robe (worn)
Magical Staves
 b - an uncursed staff of energy
Scrolls
 i - a scroll of blinking
 m - 3 scrolls of remove curse
 n - 5 scrolls of amnesia
 o - a scroll of summoning
 p - 2 scrolls of vulnerability
Potions
 e - a potion of invisibility
 f - a potion of haste
 g - 4 potions of magic
 h - 2 potions of berserk rage
Books
 l - a book of Flames

   Spells                             Type                      Level
   a - Flame Tongue                   Conjuration/Fire             1
   b - Throw Flame                    Conjuration/Fire             2
   c - Conjure Flame                  Conjuration/Fire             3
   d - Inner Flame                    Hexes/Fire                   3
   e - Sticky Flame                   Conjuration/Fire             4
   f - Fireball                       Conjuration/Fire             5
Comestibles
 c - 8 bread rations
 d - 40 fruits
 j - 7 meat rations


   Skills:
 + Level 1.0 Fighting
 - Level 2.4 Dodging
 - Level 2.4 Stealth
 + Level 6.0 Spellcasting
 + Level 1.8 Conjurations
 + Level 7.0 Fire Magic


You had 13 spell levels left.
You knew the following spells:

 Your Spells              Type           Power        Failure   Level  Hunger
a - Flame Tongue          Conj/Fire      ###..        1%          1    None


Dungeon Overview and Level Annotations

Branches:
Dungeon (1/1)

Altars:
Ashenzari
Cheibriados
Dithmenos
Elyvilon
Fedhas
Kikubaaqudgha
Makhleb
Nemelex Xobeh
Okawaru
Pakellas
Ru
Sif Muna
Trog
Vehumet
Xom
Yredelemnul
Zin
The Shining One
Beogh
Jiyva
Lugonu

Annotations:
D Dowan, Duvessa


Message History

The quokka closely misses you. Duvessa barely misses you.
Dowan zaps a wand.
Duvessa easily resists.
The quokka twitches its whiskers.
The quokka barely misses you.
Drink which item? (? for menu, Esc to quit)
A red film seems to cover your vision as you go berserk!
You feel yourself moving faster!
You feel mighty! Duvessa barely misses you.
Dowan casts a spell at Duvessa.
The puff of frost hits Duvessa.
The quokka barely misses you.
You now have 9/30 hp.
You sock Duvessa!
Duvessa is almost dead.
Duvessa drinks a potion.
Duvessa is healed!
Dowan zaps a wand.
Duvessa easily resists.
The quokka bites you but does no damage.
Duvessa shouts!
You barely miss Duvessa.
Duvessa is moderately wounded.
Duvessa hits you with a short sword!
You die...

#)).#.#..##......#..#
#######'#####..........
#...........†...........
#+#####'#####......#..#.
#..)..# #...........
#.....# ####'#####+
###)### #.......#
#†....# #.......#
#...r@# #.......#
####e## #...<...# e..
#.......# #....
#.......# #####
#.......# #########


You could see Duvessa, Dowan and a quokka.

Vanquished Creatures
  A worker ant (D)
  3 adders (D)
  A bat zombie (D)
  A goblin (D)
  A kobold (D)
7 creatures vanquished.

Notes
Turn   | Place    | Note
--------------------------------------------------------------
     0 | D        | pipel the Deep Elf Fire Elementalist began the quest for the Orb.
     0 | D        | Reached XP level 1. HP: 10/10 MP: 6/6
     8 | D        | Noticed a worker ant
    15 | D        | Killed a worker ant
    15 | D        | Reached skill level 5 in Spellcasting
    15 | D        | Reached skill level 5 in Fire Magic
    15 | D        | Reached XP level 2. HP: 13/16 MP: 0/10
    26 | D        | Found a sacrificial altar of Ru.
    26 | D        | Found a basalt altar of Yredelemnul.
    26 | D        | Found a shadowy altar of Dithmenos.
    26 | D        | Found a deep blue altar of Sif Muna.
    26 | D        | Found a burning altar of Makhleb.
    26 | D        | Found a shimmering altar of Xom.
    26 | D        | Found an ancient bone altar of Kikubaaqudgha.
    26 | D        | Found a sparkling altar of Nemelex Xobeh.
    27 | D        | Found a glowing golden altar of the Shining One.
    27 | D        | Found a bloodstained altar of Trog.
    27 | D        | Found a shattered altar of Ashenzari.
    27 | D        | Found a white marble altar of Elyvilon.
    27 | D        | Found a snail-covered altar of Cheibriados.
    27 | D        | Found a blossoming altar of Fedhas.
    27 | D        | Found a radiant altar of Vehumet.
    27 | D        | Found a glowing silver altar of Zin.
    27 | D        | Found a corrupted altar of Lugonu.
    27 | D        | Found a viscous altar of Jiyva.
    27 | D        | Found a roughly hewn altar of Beogh.
    27 | D        | Found an iron altar of Okawaru.
    28 | D        | Found an oddly glowing altar of Pakellas.
    30 | D        | Became a worshipper of Sif Muna the Loreminder
    74 | D        | Reached skill level 6 in Fire Magic
    74 | D        | Reached XP level 3. HP: 10/20 MP: 6/11
   105 | D        | Noticed Dowan
   106 | D        | Noticed Duvessa
   112 | D        | Reached skill level 1 in Fighting
   112 | D        | Reached skill level 7 in Fire Magic
   116 | D        | Slain by Duvessa

Vault maps used:
D:        pitsprint

Action                   || total
-------------------------++-------
Melee: Quarterstaff      ||    11
 Cast: Flame Tongue      ||    15
Evoke: Staff of energy   ||     6
  Use: Potion            ||     4
 Stab: Invisible         ||     1
